 Dungeon Crawl Stone Soup version 0.32-a0-975-g85d4e5bfdb (webtiles) character file.

Game seed: 1389119777013649121

378 Autsider the Trooper (level 6, -2/34 HPs)
             Began as a Vine Stalker Warper on Apr 19, 2024.
             Slain by a hobgoblin (4 damage)
             ... led by Robin
             ... on level 4 of the Dungeon.
             The game lasted 00:07:02 (3747 turns).

Autsider the Trooper (Vine Stalker Warper)          Turns: 3747, Time: 00:07:03

Health: -2/34      AC:  6    Str: 13    XL:     6   Next: 74%
Magic:  0/19       EV:  7    Int: 13    God:
Gold:   174        SH:  8    Dex: 16    Spells: 9/9 levels left

rFire   . . .        a - +0 short sword
rCold   . . .        h - +0 kite shield
rNeg    + . .        p - +1 ring mail "Tuly" {rN+ MP+9}
rPois   .            (no helmet)
rElec   .            (no cloak)
rCorr   .            (no gloves)
SInv    .            (no boots)
Will    .....        (no amulet)
Stlth   +            (no ring)
HPRegen 1.05/turn    (no ring)
MPRegen 0.16/turn

%: guardian spirit
@: no status effects
A: fangs 2, regeneration 1, magic shield, antimagic bite, no potion heal 2
a: no special abilities


You were on level 4 of the Dungeon.
You visited 1 branch of the dungeon, and saw 4 of its levels.

You collected 244 gold pieces.
You spent 70 gold pieces at shops.

Inventory:

Hand Weapons
 a - a +0 short sword (weapon)
Missiles
 d - 7 darts of dispersal (quivered)
 o - 8 poisoned darts
 q - 2 boomerangs
Armour
 h - a +0 kite shield (worn)
 p - the +1 ring mail "Tuly" (worn) {rN+ MP+9}
   (You found it on level 3 of the Dungeon)

   rN+:       It protects you from negative energy.
   MP+9:      It affects your magic capacity (+9).
Scrolls
 c - 2 scrolls of blinking
 e - 2 scrolls of enchant weapon {unknown}
 i - 2 scrolls of enchant armour {unknown}
 l - a scroll of noise {unknown}
 m - 4 scrolls of identify
 n - a scroll of revelation {unknown}
 r - 2 scrolls of teleportation {@r2}
Potions
 b - 2 potions of lignification {unknown}
 f - 4 potions of curing {unknown}
 g - 2 potions of enlightenment {unknown}
 j - 3 potions of mutation {unknown}
 k - a potion of haste {unknown}
 s - a potion of brilliance {unknown}
 t - a potion of magic {unknown}


   Skills:
 + Level 4.7 Fighting
 + Level 3.0 Short Blades
 - Level 0.8 Throwing
 + Level 2.0 Armour
 - Level 1.5 Dodging
 + Level 2.2 Shields
 - Level 2.1 Spellcasting
 - Level 3.0 Translocations


You had 9 spell levels left.
You didn't know any spells.
Your spell library contained the following spells:

 Spells                   Type           Power      Damage    Failure   Level
 Blink                    Tloc           18%        N/A       65%         2
 Lesser Beckoning         Tloc           18%        N/A       65%         2
 Maxwell's Portable Pile  Tloc           9%         2d(6-16)  86%         3
 Teleport Other           Tloc           9%         N/A       86%         3
 Slow                     Hex            4%         N/A       89%         1
 Summon Small Mammal      Summ           4%         N/A       89%         1
 Volatile Blastmotes      Fire/Tloc      10%        2d10      97%         3
 Call Canine Familiar     Summ           1%         N/A       99%         3
 Confusing Touch          Hex            1%         N/A       99%         3
 Vampiric Draining        Necr           1%         2d6       99%         3
 Summon Blazeheart Golem  Fire/Summ      1%         N/A       100%        4
 Vhi's Electric Charge    Tloc/Air       10%        N/A       100%        4
 Gell's Gavotte           Tloc           4%         2d(13-19) 100%        6


Dungeon Overview and Level Annotations

Branches:
Dungeon (4/15)
 Temple: D:4-7

Altars:
Yredelemnul

Shops:
D:3 ?


Innate Abilities, Weirdness & Mutations

You have extremely sharp teeth.
Your natural rate of healing is unusually fast.
When hurt, damage is shared between your health and your magic reserves.
Your bite disrupts and absorbs the magic of your enemies.
Potions cannot restore your health.


Message History

The goblin hits you but does no damage.
You hit Robin but do no damage.
Robin is almost dead.
The goblin no longer looks unusually strong.
The hobgoblin no longer looks unusually strong.
The goblin hits you but does no damage. You block the hobgoblin's attack.
Robin hits you with a +0 club.
* * * LOW HITPOINT WARNING * * *
The goblin hits you with a +0 dagger.
* * * LOW HITPOINT WARNING * * *
The hobgoblin hits you but does no damage.
The goblin hits you but does no damage.
You barely miss Robin.
Robin is almost dead.
Robin roars a battlecry!
The goblins go into a battle-frenzy!
The goblin barely misses you. You block the hobgoblin's attack.
The goblin hits you with a +0 dagger.
* * * LOW HITPOINT WARNING * * *
The hobgoblin hits you.
* * * LOW HITPOINT WARNING * * *
The goblin hits you but does no damage.
You closely miss Robin. You bite Robin.
You kill Robin!
You block the goblin's attack. The goblin hits you with a +0 dagger.
* * * LOW HITPOINT WARNING * * *
The hobgoblin hits you.
* * * LOW HITPOINT WARNING * * *
The goblin hits you with a +0 club.
* * * LOW HITPOINT WARNING * * *
You block the hobgoblin's attack. The goblin hits you with a +0 dagger.
* * * LOW HITPOINT WARNING * * *
The hobgoblin hits you but does no damage.
You block the hobgoblin's attack. The goblin hits you with a +0 club.
* * * LOW HITPOINT WARNING * * *
The goblin hits you with a +0 dagger.
* * * LOW HITPOINT WARNING * * *
Your Armour skill increases to level 2!
The hobgoblin hits you.
You die...

#.######.##.#### #..
#.# #..........###.#
#)# #.##.##........#
####.###.##.#####......
#...........# ##.....
#.#####!.##### ##...# #
#g.....# ##..#
####gg....# #...
#..@gg....# #.##
#.##.##...# ##'## #
...#...# ##...#
._......# ##.....
#...#.##..##......
##.##.# #.#....... ...
# +....... .# #.......
##......


You could see 2 hobgoblins and 3 goblins.

Vanquished Creatures
  A black bear (D:4)
  A bombardier beetle (D:3)
  A hound (D:4)
  An iguana (D:4)
  2 orc wizards (D:4)
  Robin (D:4)
  3 adders
  3 ribbon worms
  2 dart slugs
  4 orcs (D:4)
  9 ball pythons
  8 bats
  9 endoplasms
  2 giant cockroaches
  11 goblins
  10 hobgoblins
  6 jackals
  7 kobolds
  5 quokkas
  5 frilled lizards
  4 rats
95 creatures vanquished.

Notes
Turn   | Place    | Note
-------+----------+-------------------------------------------
     0 | D:1      | Autsider the Vine Stalker Warper began the quest for the
                  | Orb.
     0 | D:1      | Reached XP level 1. HP: 11/11 MP: 4/4
    82 | D:1      | Reached skill level 2 in Fighting
   300 | D:1      | Reached XP level 2. HP: 16/16 MP: 6/6
   520 | D:1      | Found a faded altar of an unknown god.
   690 | D:1      | Reached skill level 3 in Fighting
   697 | D:1      | Reached XP level 3. HP: 19/20 MP: 5/7
  1720 | D:2      | Reached XP level 4. HP: 25/25 MP: 5/8
  1771 | D:2      | Reached skill level 4 in Fighting
  2287 | D:3      | Reached XP level 5. HP: 22/29 MP: 9/9
  2440 | D:3      | Identified the +1 ring mail "Tuly" {rN+ MP+9}
  2487 | D:3      | Reached skill level 1 in Shields
  3038 | D:3      | Found Zix Nait's Magic Scroll Boutique.
  3041 | D:3      | Bought a scroll of identify for 20 gold pieces
  3041 | D:3      | Bought a scroll of teleportation for 30 gold pieces
  3041 | D:3      | Bought a scroll of identify for 20 gold pieces
  3157 | D:4      | Reached skill level 1 in Armour
  3388 | D:4      | Noticed a black bear
  3401 | D:4      | Killed a black bear
  3402 | D:4      | Reached XP level 6. HP: 32/34 MP: 10/10
  3696 | D:4      | Found a basalt altar of Yredelemnul.
  3697 | D:4      | Noticed Robin
  3746 | D:4      | Killed Robin
  3746 | D:4      | HP: 1/34 [goblin/+0 dagger[Robin] (2)]
  3747 | D:4      | Slain by a hobgoblin

Illustrated notes

Levels and vault maps discovered:
D:1:      amcnicky_arrival_feature_with_door, layout_loops_corners,
          chequers_ecumenical_altar_grove, minmay_gold_behind_fungi,
          minmay_misc_feat_columns, roderic_serpentine_path
D:2:      layout_basic, roderic_roman_lattice, minmay_diced_spiral
D:3:      layout_loops_corners, serial_shops, shop
D:4:      layout_loops_corners, nicolae_overflow_crystal_walls, st_stairs_11,
          uniq_robin

Skill      XL: |  1  2  3  4  5  6 |
---------------+-------------------+-----
Fighting       | 2 3 4 |  4.7
Short Blades   | 2 3 |  3.0
Shields        | 1 2 |  2.2
Armour         | 1 2 |  2.0
Throwing       | |  0.8
Dodging        | |  1.5
Spellcasting   | |  2.1
Translocations | |  3.0

Action                     |  1- 3 |  4- 6 || total
---------------------------+-------+-------++-------
  Melee: Short sword       |   152 |   208 ||   360
         Bite              |    29 |    64 ||    93
   Stab: Sleeping          |     1 |       ||     1
 Armour: Leather armour    |    73 |     6 ||    79
         Ring mail         |       |   142 ||   142
  Dodge: Dodged            |    67 |    75 ||   142
  Block: Kite shield       |    44 |   109 ||   153

Table legend: (Time is in decaauts)
 A = Elapsed time spent in this place.
 B = Non-inter-level travel time spent in this place.
 C = Inter-level travel time spent in this place.
 D = Time resting spent in this place.
 E = Time spent auto-exploring this place.
 F = Levels seen in this place.
 G = Mean time per level.
                   A        B        C        D        E       F      G
               +--------+--------+--------+--------+--------+-----+--------+
         Total |   3781 |   3494 |    287 |      0 |   2744 |   4 |  945.2 |
       Dungeon |   3781 |   3494 |    287 |      0 |   2744 |   4 |  945.2 |
               +--------+--------+--------+--------+--------+-----+--------+

Top non-repeatable levels by time:
     D:1: 1335 daAuts
     D:3: 935 daAuts
     D:2: 901 daAuts
     D:4: 609 daAuts
